 Dungeon Crawl Stone Soup version 0.31-a0-818-ge7c7cf74f0 (webtiles) character file.

Game seed: 5052352505204785593

44 CowFu the Trooper (level 3, 0/39 HPs)
             Began as an Ogre Gladiator on Sept 22, 2023.
             Slain by a gnoll
             ... wielding a +0 halberd
              (9 damage)
             ... on level 3 of the Dungeon.
             The game lasted 00:02:17 (1512 turns).

CowFu the Trooper (Ogre Gladiator)                  Turns: 1512, Time: 00:02:18

Health: 0/39       AC:  3    Str: 20    XL:     3   Next: 62%
Magic:  3/3        EV: 10    Int:  9    God:
Gold:   70         SH:  0    Dex: 10    Spells: 2/2 levels left

rFire   . . .        a - +0 flail
rCold   . . .        (no shield)
rNeg    + . .        b - +0 robe
rPois   .            c - +0 hat
rElec   .            (no cloak)
rCorr   .            (gloves unavailable)
SInv    .            (boots unavailable)
Will    .....        (no amulet)
Stlth   +            k - ring of flight
HPRegen 0.26/turn    l - ring of positive energy
MPRegen 0.08/turn

%: no passive effects
@: flying
A: large, unfitting armour, tough skin 1
a: no special abilities


You were on level 3 of the Dungeon.
You visited 1 branch of the dungeon, and saw 3 of its levels.

You collected 100 gold pieces.
You spent 30 gold pieces at shops.

Inventory:

Hand Weapons
 a - a +0 flail (weapon)
Missiles
 d - 3 throwing nets (quivered)
 e - a large rock
Armour
 b - a +0 robe (worn)
 c - a +0 hat (worn)
Jewellery
 k - a ring of flight (left hand)
 l - a ring of positive energy (right hand)
 p - a ring of magical power
Scrolls
 f - a scroll of fog {unknown}
 h - 4 scrolls of identify {unknown}
 i - 2 scrolls of vulnerability {unknown}
 o - a scroll of enchant armour {unknown}
Potions
 g - a potion of heal wounds {unknown}
 j - a potion of enlightenment {unknown}
 m - a potion of magic {unknown}
 n - a potion of curing
 q - a potion of attraction {unknown}


   Skills:
 + Level 4.0 Fighting
 + Level 3.5 Maces & Flails
 - Level 2.0 Throwing
 - Level 2.6 Dodging


You had 2 spell levels left.
You didn't know any spells.
Your spell library was empty.

Dungeon Overview and Level Annotations

Branches:
Dungeon (3/15)

Altars:

Shops:
D:2 !


Innate Abilities, Weirdness & Mutations

You are too large for most types of armour.
You have tough skin. (AC +1)


Message History

A bat is nearby!
The bat hits you but does no damage.
A bat is nearby!
The bat closely misses you.
A bat is nearby!
You sock the bat!
You kill the bat!
You see here a bat corpse.
A kobold comes into view. It is wielding a +0 dagger.
The kobold shouts!
A kobold is nearby!
You hit the kobold.
You kill the kobold!
Your Fighting skill increases to level 4!
A gnoll comes into view. It is wielding a +0 spear.
Found a leather armour.
Found a stone staircase leading down and a stone staircase leading up.
A gnoll is nearby!
The gnoll shouts!
You hear a shout!
A gnoll comes into view. It is wielding a +0 halberd.
The gnoll barely misses you.
There are monsters nearby!
There are monsters nearby!
The gnoll completely misses you.
A gnoll comes into view. It is wielding a +2 antimagic halberd.
There are monsters nearby!
You hit the gnoll.
The gnoll is heavily wounded.
The gnoll hits you with a +0 halberd. The gnoll hits you with a +0 spear!
The gnoll hits you with a +0 halberd. The gnoll misses you.
The gnoll barely misses you.
The gnoll hits you from afar with a +0 halberd!
The gnoll closely misses you. The gnoll attacks as it pursues you!
The gnoll hits you from afar with a +0 halberd!
* * * LOW HITPOINT WARNING * * *
The gnoll attacks as it pursues you! The gnoll closely misses you.
The gnoll attacks as it pursues you!
The gnoll hits you from afar with a +0 halberd!
You die...

#.# #.. ##.### [... ....#### #
#.<# #...... #. #>.# #.#..# #.#
.###..###.#..#### #.# ..
..#.g.g.g.@.# #.##.# #.
#.#.#.#..##.# #.##.#
##.##.#.#.#..##.# #.##.####
.##.........#..##)# #.##.##..
......g.#.###..##.#####.##.##.#
####.####.# #..........†##.##.#
..# ..# #.###..........##.# ###
#..# #................<# #..#
###################


You could see 3 gnolls.

Vanquished Creatures
  An adder (D:2)
  A dart slug (D:2)
  3 bats
  3 endoplasms (D:2)
  3 giant cockroaches
  3 goblins (D:1)
  4 hobgoblins
  2 quokkas
  2 ball pythons (D:1)
  2 frilled lizards
  3 kobolds
  3 rats
30 creatures vanquished.

Notes
Turn   | Place    | Note
-------+----------+-------------------------------------------
     0 | D:1      | CowFu the Ogre Gladiator began the quest for the Orb.
     0 | D:1      | Reached XP level 1. HP: 22/22 MP: 1/1
   216 | D:1      | Reached skill level 3 in Fighting
   216 | D:1      | Reached XP level 2. HP: 31/31 MP: 2/2
   832 | D:2      | Reached XP level 3. HP: 30/37 MP: 3/3
  1085 | D:2      | Found Dyapytz's Distillery.
  1094 | D:2      | Bought a potion of curing for 30 gold pieces
  1482 | D:3      | Reached skill level 4 in Fighting
  1512 | D:3      | Slain by a gnoll

Illustrated notes

Levels and vault maps discovered:
D:1:      mrwooster_arrival_statue, layout_loops_cross
D:2:      layout_loops_ring, serial_shops, shop
D:3:      layout_loops_ring

Skill      XL: |  1  2  3 |
---------------+----------+-----
Maces & Flails | 3 |  3.5
Fighting       | 3 4 |  4.0
Throwing       | |  2.0
Dodging        | |  2.6

Action                     || total
---------------------------++-------
  Melee: Flail             ||    73
 Armour: Robe              ||    57
  Dodge: Dodged            ||    50

Table legend: (Time is in decaauts)
 A = Elapsed time spent in this place.
 B = Non-inter-level travel time spent in this place.
 C = Inter-level travel time spent in this place.
 D = Time resting spent in this place.
 E = Time spent auto-exploring this place.
 F = Levels seen in this place.
 G = Mean time per level.
                   A        B        C        D        E       F      G
               +--------+--------+--------+--------+--------+-----+--------+
         Total |   1528 |   1460 |     68 |      0 |   1232 |   3 |  509.3 |
       Dungeon |   1528 |   1460 |     68 |      0 |   1232 |   3 |  509.3 |
               +--------+--------+--------+--------+--------+-----+--------+

Top non-repeatable levels by time:
     D:1: 822 daAuts
     D:2: 657 daAuts
     D:3: 48 daAuts
